 Dungeon Crawl Stone Soup version 0.29-a0-416-g83a48905f1 (webtiles) character file.

Game seed: 892536710469762555

26 spiderkeys the Ducker (level 2, 0/16 HPs)
             Began as a Spriggan Abyssal Knight on May 17, 2022.
             Was a Believer of Lugonu.
             Succumbed to an adder's poison
             ... on level 2 of the Dungeon.
             The game lasted 00:02:00 (1464 turns).

spiderkeys the Ducker (Spriggan Abyssal Knight)     Turns: 1464, Time: 00:02:01

Health: 0/16       AC:  3    Str:  8 (9)  XL:     2   Next: 89%
Magic:  4/4        EV: 18    Int:  8 (11) God:    Lugonu [**....]
Gold:   81         SH:  0    Dex: 14 (15) Spells: 1/1 levels left

rFire   . . .      SeeInvis +   a - +1 short sword
rCold   . . .      Faith    .   (no shield)
rNeg    . . .      Spirit   .   k - +0 robe
rPois   .          Reflect  .   (helmet restricted)
rElec   .          Harm     .   c - +0 cloak
rCorr   .          Rampage  .   (gloves unavailable)
Will    .....                   (boots unavailable)
Stlth   ++........              (no amulet)
HPRegen 0.05/turn               (no ring)
MPRegen 0.09/turn               (no ring)

@: lethally poisoned (0 -> -7), very quick
A: very small, no large weapons, unfitting armour, see invisible, speed 3
a: Renounce Religion, Depart the Abyss, Bend Space


You were on level 2 of the Dungeon.
You worshipped Lugonu.
Lugonu was pleased with you.
You visited 1 branch of the dungeon, and saw 2 of its levels.
You visited the Abyss 1 time.

You collected 81 gold pieces.


Innate Abilities, Weirdness & Mutations

You are very small and have problems with some larger weapons.
You are too small for most types of armour.
You have supernaturally acute eyesight. (SInv)
You cover ground extremely quickly. (Speed+++)


   Skills:
 + Level 2.6 Fighting
 + Level 2.6 Short Blades
 + Level 3.6 Dodging
 + Level 0.7 Stealth
 + Level 2.2 Invocations


You had one spell level left.
You didn't know any spells.
Your spell library contained the following spells:

 Spells                   Type           Power      Damage    Failure   Level
 Conjure Flame            Conj/Fire      0%         6-21      78%         3
 Ignite Poison            Fire/Tmut/Pois 0%         N/A       78%         3
 Sticky Flame             Conj/Fire      0%         2d3       99%         4

Inventory:

Hand Weapons
 a - a +1 short sword (weapon)
 b - a +0 hunting sling
   (You took it off a goblin on level 2 of the Dungeon)
Missiles
 d - 15 stones
Armour
 c - a +0 cloak (worn)
   (You found it on level 1 of the Dungeon)
 f - a +0 robe
   (You found it on level 1 of the Dungeon)
 i - a +0 robe
   (You found it on level 1 of the Dungeon)
 k - a +0 robe (worn)
Scrolls
 e - a scroll of poison {unknown}
Potions
 g - a potion of heal wounds {unknown}
 h - a potion of curing {unknown}
 j - a potion of brilliance {unknown}
 l - a potion of degeneration {!q}

Dungeon Overview and Level Annotations

Branches:
Dungeon (2/15)

Altars:

######## #......#
#......# ####......####
..............
##########......###.###.
............)...@S......
...################.###.
.#### .#.. .#.# .#.#
...# .### .#


You could see an adder.


Message History

The endoplasm barely misses you.
You hit the endoplasm.
The endoplasm hits you but does no damage.
You hit the endoplasm.
You kill the endoplasm!
Lugonu accepts your kill.
A goblin comes into view. It is wielding a +0 club.
A goblin is nearby!
A goblin is nearby!
The goblin shouts!
The goblin closely misses you.
A goblin comes into view. It is wielding a +0 dagger.
You closely miss the goblin.
The goblin hits you with a +0 club. 😕 HP[-3]
You take 3 damage, and now have 13/16 hp.
You hit the goblin. The goblin barely misses you.
You closely miss the goblin. The goblin closely misses you.
You hit the goblin.
You kill the goblin!
Lugonu accepts your kill.
You hit the goblin.
You kill the goblin!
Lugonu accepts your kill.
No target in view!
No target in view!
No target in view!
Key pressed, stopping explore.
l - 2 green potions 😎 HP[+3]
Your hp is fully restored (16).
Key pressed, stopping explore.
You open the door.
There is an open door here.
An endoplasm comes into view.
An endoplasm is nearby!
A kobold comes into view. It is wielding a +0 whip.
The endoplasm quivers.
You hit the endoplasm. The endoplasm freezes you.
You are frozen. 😕 HP[-3]
You take 3 damage, and now have 13/16 hp.
You hit the endoplasm.
You kill the endoplasm!
Lugonu accepts your kill.
The kobold shouts!
The kobold hits you with a +0 whip. 😮 HP[-1]
You take 1 damage, and now have 12/16 hp.
You are too injured to fight recklessly!
You are too injured to fight recklessly!
You are too injured to fight recklessly!
You are too injured to fight recklessly!
You are too injured to fight recklessly!
You hit the kobold.
You kill the kobold!
Lugonu accepts your kill.
d - 15 stones (gained 4)
Things that are here:
a +0 whip; a kobold corpse An adder comes into view. 😕 HP[+1]
An adder is nearby!
An adder is nearby!
An adder is nearby!
The adder bites you.
You are poisoned.
The adder poisons you! 😮 HP[-1]
You take 1 damage, and now have 12/16 hp.
You barely miss the adder.
You feel sick. The adder closely misses you. 😮 HP[-2]
You take 2 damage, and now have 10/16 hp.
You hit the adder.
You feel sick.
The adder completely misses you. 😮 HP[-1]
You take 1 damage, and now have 9/16 hp.
You hit the adder.
You feel sick.
The adder barely misses you. x2 😨 HP[-1]
You take 1 damage, and now have 8/16 hp.
You hit the adder but do no damage.
You feel sick. The adder closely misses you. 😨 HP[-1]
You take 1 damage, and now have 7/16 hp.
You miss the adder.
You feel sick. The adder bites you.
* * * LOW HITPOINT WARNING * * *
You are lethally poisoned!
The adder poisons you! 😨 HP[-2]
You take 2 damage, and now have 5/16 hp.
You closely miss the adder.
* * * LOW HITPOINT WARNING * * *
You feel sick. The adder bites you.
* * * LOW HITPOINT WARNING * * *
The adder barely misses you. 😱 HP[-3]
You take 3 damage, and now have 2/16 hp.
It was a potion of degeneration.
There was something very wrong with that liquid.
You feel weakened.
You feel dopey.
You feel clumsy.
You die...

Skill      XL: |  1 |
---------------+----+-----
Invocations    | 2 |  2.2
Fighting       | |  2.6
Short Blades   | |  2.6
Dodging        | |  3.6
Stealth        | |  0.7

Action                   || total
-------------------------++-------
Melee: Short sword       ||    57
  Use: Potion            ||     1
Armor: Robe              ||     5
Dodge: Dodged            ||    34

Levels and vault maps discovered:
D:1:      minmay_arrival_shoal_huts, layout_basic, minmay_misc_feat_tiny
D:2:      layout_basic, minmay_strange_pillars

Notes
Turn   | Place    | Note
-------+----------+-------------------------------------------
     0 | Abyss:1  | spiderkeys the Spriggan Abyssal Knight began the quest for
                  | the Orb.
     0 | Abyss:1  | Reached XP level 1. HP: 11/11 MP: 3/3
     0 | Abyss:1  | magus.rc [v1.11.3]
    18 | Abyss:1  | Found a corrupted altar of Lugonu.
    48 | D:1      | You pass through the gate.
    48 | D:1      | Escaped the Abyss
    86 | D:1      | You add the spells Conjure Flame, Ignite Poison and Sticky
                  | Flame to your library.
   190 | D:1      | Reached skill level 2 in Invocations
   487 | D:1      | Reached XP level 2. HP: 16/16 MP: 4/4
  1463 | D:2      | HP: 3/16 [poisoned by an adder]
  1464 | D:2      | Succumbed to an adder's poison

Vanquished Creatures
  A worm (D:2)
  A dart slug (D:1)
  A ball python (D:1)
  3 endoplasms
  4 goblins
  4 jackals (D:1)
  A frilled lizard (D:1)
  2 kobolds
  2 rats (D:2)
19 creatures vanquished.

Table legend:
 A = Non-vault XP
 B = Vault XP
 C = Vault XP percentage of total XP
 D = Non-vault monster count
 E = Vault monster count
 F = Vault count percentage of total count
                 A         B        C        D         E       F
            +---------+---------+-------+---------+---------+-------
      Total |      38 |       0 |   0.0 |      19 |       0 |   0.0
            +---------+---------+-------+---------+---------+-------
        D:1 |      20 |       0 |   0.0 |      10 |       0 |   0.0
        D:2 |      18 |       0 |   0.0 |       9 |       0 |   0.0
            +---------+---------+-------+---------+---------+-------

Illustrated notes

Table legend:
 A = Kills in this place as a percentage of kills in entire the game.
 B = Kills by you in this place as a percentage of kills by you in the entire game.
 C = Kills by friends in this place as a percentage of kills by friends in the entire game.
 D = Other kills in this place as a percentage of other kills in the entire game.
 E = Experience gained in this place as a percentage of experience gained in the entire game.
 F = Experience gained in this place divided by the number of levels of this place that you have seen.
                   A       B       C       D       E      F
               +-------+-------+-------+-------+-------+----------------------
         Total | 100.0 | 100.0 |   N/A |   N/A | 100.0 |  12.7
       Dungeon | 100.0 | 100.0 |   N/A |   N/A | 100.0 |  19.0
               +-------+-------+-------+-------+-------+----------------------

Table legend: (Time is in decaauts)
 A = Elapsed time spent in this place.
 B = Non-inter-level travel time spent in this place.
 C = Inter-level travel time spent in this place.
 D = Time resting spent in this place.
 E = Time spent auto-exploring this place.
 F = Levels seen in this place.
 G = Mean time per level.
                   A        B        C        D        E       F      G
               +--------+--------+--------+--------+--------+-----+--------+
         Total |   1077 |   1064 |     13 |      3 |    898 |   3 |  359.0 |
       Dungeon |   1048 |   1035 |     13 |      3 |    887 |   2 |  524.0 |
         Abyss |     29 |     29 |      0 |      0 |     10 |   1 |   29.0 |
               +--------+--------+--------+--------+--------+-----+--------+

Top non-repeatable levels by time:
     D:1: 850 daAuts
     D:2: 197 daAuts
 Abyss:1: 29 daAuts
